 Dungeon Crawl Stone Soup version 0.23-a0-650-ga4d50d4 (webtiles) character file.

65 Borgoz the Cutter (level 4, 0/29 HPs)
             Began as a Kobold Berserker on Jan 2, 2019.
             Was a Believer of Trog.
             Slain by a scorpion (5 damage)
             ... on level 2 of the Dungeon.
             The game lasted 00:01:51 (1302 turns).

Borgoz the Cutter (Kobold Berserker)                Turns: 1302, Time: 00:01:52

Health: 0/29       AC:  2    Str: 14    XL:     4   Next: 35%
Magic:  4/4        EV: 15    Int:  8    God:    Trog [**....]
Gold:   59         SH:  0    Dex: 15    Spells: 3/3 levels left

rFire    . . .     SeeInvis .   a - +0 short sword
rCold    . . .     Gourm    .   (shield restricted)
rNeg     . . .     Faith    .   b - +0 animal skin
rPois    .         Spirit   .   (no helmet)
rElec    .         Reflect  .   (no cloak)
rCorr    .         Harm     .   (no gloves)
MR       .....                  (no boots)
Stlth    ++........             (no amulet)
HPRegen  0.09/turn              (no ring)
MPRegen  0.09/turn              (no ring)

@: lethally poisoned (0 -> -7)
A: small, carnivore
a: Berserk, Trog's Hand, Renounce Religion


You were on level 2 of the Dungeon.
You worshipped Trog.
Trog was pleased with you.
You were not hungry.

You visited 1 branch of the dungeon, and saw 2 of its levels.

You collected 59 gold pieces.

Inventory:

Hand Weapons
 a - a +0 short sword (weapon)
Armour
 b - a +0 animal skin (worn)
Jewellery
 g - an uncursed ring of fire {unknown}
 l - an uncursed ring of resist corrosion {unknown}
Scrolls
 d - a scroll of amnesia {unknown}
 e - 2 scrolls of identify {unknown}
 f - a scroll of magic mapping {unknown}
 j - a scroll of fog {unknown}
Potions
 h - 3 potions of curing {unknown}
 i - a potion of lignification {unknown}
 k - a potion of mutation {unknown}
Comestibles
 c - 4 rations


   Skills:
 + Level 4.0 Fighting
 + Level 5.4 Short Blades
 + Level 1.7 Armour
 + Level 2.8 Dodging
 + Level 0.6 Stealth


You had 3 spell levels left.
You didn't know any spells.
Your spell library was empty.

Dungeon Overview and Level Annotations

Branches:
Dungeon (2/15)

Altars:


Innate Abilities, Weirdness & Mutations

You are small and have problems with some larger weapons.
You are carnivorous and can eat meat at any time.


Message History

You are too injured to fight recklessly!
You are too injured to fight recklessly!
You hit the goblin.
You kill the goblin!
Trog accepts your kill.
Found a stone staircase leading down.
The scorpion stings you.
You are lethally poisoned!
The scorpion poisons you!
Found a runed leather armour.
* * * LOW HITPOINT WARNING * * *
You feel sick.
Found 8 gold pieces.
* * * LOW HITPOINT WARNING * * *
You feel sick.
* * * LOW HITPOINT WARNING * * *
You feel sick.
* * * LOW HITPOINT WARNING * * *
You feel sick. The scorpion stings you.
You die...

#..... #.....#####
.........#####
.....?.....>.
#.##.....# #.##.....#
#######.##....$#
#............s.#
.#####.##.###@# #.##.#
#....# #.##.# #$[..#
#.##.# #....# #.##.#
#....# ##.##.###....#
#.............
#.........############
#....#.##.# #.....#


You could see a scorpion.

Vanquished Creatures
  3 adders (D:2)
  3 oozes (D:1)
  3 leopard geckos (D:1)
  A bat (D:1)
  A giant cockroach (D:1)
  5 goblins
  A hobgoblin (D:1)
  A frilled lizard (D:1)
  3 kobolds
  3 rats (D:1)
24 creatures vanquished.

Notes
Turn   | Place    | Note
-------+----------+-------------------------------------------
     0 | D:1      | Borgoz the Kobold Berserker began the quest for the Orb.
     0 | D:1      | Reached XP level 1. HP: 14/14 MP: 1/1
    76 | D:1      | Reached XP level 2. HP: 6/19 MP: 2/2
   511 | D:1      | Reached XP level 3. HP: 24/24 MP: 3/3
   854 | D:1      | Reached skill level 5 in Short Blades
   874 | D:1      | Reached ** piety under Trog
  1270 | D:2      | Reached XP level 4. HP: 14/29 MP: 4/4
  1302 | D:2      | Slain by a scorpion

Vault maps used:
D:1:      sevenhm_arrival_forest_fort_large_1, serial_forest,
          infiniplex_forest_corner_1, infiniplex_forest_pool,
          infiniplex_forest_clump_curved, infiniplex_forest_clump_medium,
          infiniplex_forest_corner_2
D:2:      uniq_crazy_yiuf_cottage

Skill      XL: |  1  2  3  4 |
---------------+-------------+-----
Short Blades   | 5 |  5.4
Fighting       | 4 |  4.0
Armour         | |  1.7
Dodging        | |  2.8
Stealth        | |  0.6

Action                   |  1- 3 |  4- 6 || total
-------------------------+-------+-------++-------
Melee: Short sword       |    89 |     3 ||    92
 Stab: Sleeping          |     1 |       ||     1
  Eat: Chunk             |     1 |     4 ||     5
Armor: Animal skin       |     5 |       ||     5
Dodge: Dodged            |    54 |     1 ||    55

Table legend:
 A = Non-vault XP
 B = Vault XP
 C = Vault XP percentage of total XP
 D = Non-vault monster count
 E = Vault monster count
 F = Vault count percentage of total count
                 A         B        C        D         E       F
            +---------+---------+-------+---------+---------+-------
      Total |      91 |       3 |   3.2 |      22 |       2 |   8.3
            +---------+---------+-------+---------+---------+-------
        D:1 |      48 |       3 |   5.9 |      17 |       2 |  10.5
        D:2 |      43 |       0 |   0.0 |       5 |       0 |   0.0
            +---------+---------+-------+---------+---------+-------
